 Dungeon Crawl Stone Soup version 0.29-a0-1033-gb6c65ffae6 (webtiles) character file.

Game seed: 6103203162234777328

4 voltaire321 the Caller (level 1, -1/11 HPs)
             Began as an Octopode Summoner on Aug 15, 2022.
             Slain by a kobold
             ... wielding a +1 vampiric whip
              (3 damage)
             ... on level 1 of the Dungeon.
             The game lasted 00:01:04 (219 turns).

voltaire321 the Caller (Octopode Summoner)           Turns: 219, Time: 00:01:05

Health: -1/11      AC:  1    Str:  7    XL:     1   Next: 60%
Magic:  3/3        EV: 13    Int: 17    God:
Gold:   0          SH:  0    Dex: 12    Spells: 3/4 levels left

rFire   . . .      SeeInvis .   (no weapon)
rCold   . . .      Faith    .   (no shield)
rNeg    . . .      Spirit   .   (helmet restricted)
rPois   .          Reflect  .   (no amulet)
rElec   .          Harm     .   (no ring)
rCorr   .          Rampage  .   (no ring)
Will    .....                   (no ring)
Stlth   +++.......              (no ring)
HPRegen 0.03/turn               (no ring)
MPRegen 0.08/turn               (no ring)
                                (no ring)
                                (no ring)

@: no status effects
A: almost no armour, amphibious, 8 rings, camouflage 1, gelatinous body 1,
(nimble swimmer 1), tentacles
a: no special abilities


You were on level 1 of the Dungeon.
You visited 1 branch of the dungeon, and saw 1 of its levels.

Inventory:

Potions
 a - a potion of magic


   Skills:
 + Level 0.2 Fighting
 + Level 2.0 Dodging
 + Level 2.8 Stealth
 + Level 2.0 Spellcasting
 + Level 4.0 Summonings


You had 3 spell levels left.
You knew the following spells:

 Your Spells              Type           Power      Damage    Failure   Level
a - Summon Small Mammal   Summ           60%        N/A       3%          1

Your spell library contained the following spells:

 Spells                   Type           Power      Damage    Failure   Level
 Call Imp                 Summ           15%        N/A       5%          2
 Call Canine Familiar     Summ           15%        N/A       11%         3
 Summon Guardian Golem    Hex/Summ       8%         N/A       26%         3
 Summon Lightning Spire   Summ/Air       8%         N/A       63%         4


Dungeon Overview and Level Annotations

Branches:
Dungeon (1/15)

Altars:


Innate Abilities, Weirdness & Mutations

You cannot wear most types of armour.
You are amphibious.
You can wear up to eight rings at the same time.
Your skin changes colour to match your surroundings (Stealth+).
Your rubbery body absorbs attacks. (AC +1, EV +1)
((You are camouflaged when in or above water. (Stealth+)))
You have tentacles for arms and can constrict up to eight enemies at once.


Message History

Found a stone staircase leading down.
Your quokka disappears in a puff of smoke!
There is a stone staircase leading down here.
Found a stone staircase leading down.
There is a stone staircase leading down here.
A frilled lizard comes into view.
Sorry, you're not good enough to have a special ability.
The frilled lizard hisses angrily.
The frilled lizard closely misses you.
You tentacle-slap the frilled lizard.
You kill the frilled lizard!
You see here a frilled lizard corpse.
Found a mace.
You see here a +0 mace.
A kobold comes into view. It is wielding a +1 vampiric whip.
The kobold shouts!
You tentacle-slap the kobold. Your grab misses the kobold.
The kobold is heavily wounded.
The kobold hits you with a +1 vampiric whip.
The kobold draws strength from your wounds!
You closely miss the kobold. Your grab misses the kobold.
The kobold hits you but does no damage.
You closely miss the kobold. You grab the kobold. You squeeze the kobold.
The kobold is severely wounded.
You constrict the kobold, but do no damage.
The kobold hits you with a +1 vampiric whip.
You tentacle-slap the kobold but do no damage.
The kobold is severely wounded.
You constrict the kobold, but do no damage.
The kobold hits you with a +1 vampiric whip.
* * * LOW HITPOINT WARNING * * *
The kobold draws strength from your wounds!
You barely miss the kobold.
The kobold is heavily wounded.
You constrict the kobold. The kobold closely misses you.
You completely miss the kobold.
The kobold is severely wounded.
You constrict the kobold, but do no damage.
The kobold hits you with a +1 vampiric whip.
You die...

#############
..##........#
#.##.######.#
#.##.# #)#
#.#####.##.#### #.#
..............# #.#
....##@##.##.# #.#
#.....K.##.##.###.#
.#...#####........#
#.#. ####.##### #
#.## #..## ##.#.##
## #.###.# #.
##.#.## #.


You could see a kobold.

Vanquished Creatures
  A frilled lizard (D:1)
  A rat (D:1)
2 creatures vanquished.

Vanquished Creatures (collateral kills)
  An endoplasm (D:1)
  A goblin (D:1)
2 creatures vanquished.

Grand Total: 4 creatures vanquished

Notes
Turn   | Place    | Note
-------+----------+-------------------------------------------
     0 | D:1      | voltaire321 the Octopode Summoner began the quest for the
                  | Orb.
     0 | D:1      | Reached XP level 1. HP: 11/11 MP: 3/3
    13 | D:1      | Noticed a floating eye
    15 | D:1      | Found a faded altar of an unknown god.
    17 | D:1      | Noticed a great orb of eyes
    17 | D:1      | Noticed an eye of devastation
    17 | D:1      | Noticed a golden eye
   219 | D:1      | Slain by a kobold

Illustrated notes

Levels and vault maps discovered:
D:1:      dpeg_arrival_rooms_a, layout_loops_corners,
          hellmonk_ecumenical_altar_watching_god, nicolae_figureground_sparkle

Action                   || total
-------------------------++-------
Melee: Unarmed           ||    10
       Tentacles         ||     3
       Constrict         ||     2
 Cast: Summon Small Mamm ||     2
 Stab: Sleeping          ||     1
Armor: Skin              ||     1
Dodge: Dodged            ||     4

Table legend: (Time is in decaauts)
 A = Elapsed time spent in this place.
 B = Non-inter-level travel time spent in this place.
 C = Inter-level travel time spent in this place.
 D = Time resting spent in this place.
 E = Time spent auto-exploring this place.
 F = Levels seen in this place.
 G = Mean time per level.
                   A        B        C        D        E       F      G
               +--------+--------+--------+--------+--------+-----+--------+
         Total |    219 |    219 |      0 |      0 |    176 |   1 |  219.0 |
       Dungeon |    219 |    219 |      0 |      0 |    176 |   1 |  219.0 |
               +--------+--------+--------+--------+--------+-----+--------+

Top non-repeatable levels by time:
     D:1: 219 daAuts
